 Dungeon Crawl Stone Soup version 0.24.0-37-gcf1ca852f1 (webtiles) character file.

Game seed: 6710778910783739662, levelgen mode: deterministic

144 PentaManta the Chopper (level 5, 0/47 HPs)
             Began as a Hill Orc Monk on Dec 6, 2019.
             Succumbed to a worker ant's poison
             ... on level 4 of the Dungeon.
             The game lasted 00:03:52 (2836 turns).

PentaManta the Chopper (Hill Orc Monk)              Turns: 2836, Time: 00:03:52

Health: 0/47       AC:  2    Str: 23    XL:     5   Next: 26%
Magic:  5/5        EV: 13    Int: 10    God:
Gold:   198        SH:  0    Dex: 13    Spells: 4/4 levels left

rFire    . . .     SeeInvis .   a - +0 hand axe
rCold    . . .     Gourm    .   (no shield)
rNeg     . . .     Faith    .   b - +0 robe
rPois    .         Spirit   .   (no helmet)
rElec    .         Reflect  .   (no cloak)
rCorr    .         Harm     .   (no gloves)
MR       .....                  (no boots)
Stlth    ++........             (no amulet)
HPRegen  0.15/turn              r - +3 ring of strength
MPRegen  0.09/turn              (no ring)

@: mighty, lethally poisoned (0 -> -12)
A: no striking features
a: no special abilities


You were on level 4 of the Dungeon.
You were not hungry.

You visited 1 branch of the dungeon, and saw 4 of its levels.

You collected 198 gold pieces.

Inventory:

Hand Weapons
 a - a +0 hand axe (weapon)
Armour
 b - a +0 robe (worn)
Jewellery
 r - a +3 ring of strength (left hand)
Scrolls
 d - a scroll of magic mapping
 e - 3 scrolls of remove curse {unknown}
 g - a scroll of teleportation {unknown}
 i - a scroll of fear {unknown}
 k - a scroll of enchant weapon {unknown}
 m - a scroll of blinking {unknown}
 o - 2 scrolls of identify {unknown}
 s - 3 scrolls of noise {unknown}
Potions
 h - a potion of heal wounds {unknown}
 j - a potion of agility {unknown}
 l - a potion of degeneration {unknown}
 n - a potion of mutation {unknown}
 p - a potion of curing {unknown}
 q - a potion of might
Comestibles
 c - 8 rations


   Skills:
 + Level 4.5 Fighting
 * Level 5.4 Axes
 + Level 2.4 Armour
 + Level 3.0 Dodging
 - Level 1.5 Stealth


You had 4 spell levels left.
You didn't know any spells.
Your spell library was empty.

Dungeon Overview and Level Annotations

Branches:
Dungeon (4/15)
 Temple: D:4-7

Altars:


Message History

You feel sick.
You feel sick. The worker ant misses you.
You feel sick.
You feel sick.
You feel sick.
You feel sick.
It was a potion of might.
You feel very mighty all of a sudden. The worker ant bites you.
* * * LOW HITPOINT WARNING * * *
You are more poisoned.
The worker ant poisons you! The worker ant bites you.
* * * LOW HITPOINT WARNING * * *
You barely miss the worker ant.
* * * LOW HITPOINT WARNING * * *
You feel sick. The worker ant closely misses you.
* * * LOW HITPOINT WARNING * * *
You feel sick.
It was a potion of magic.
Magic courses through your body.
You die...

..##.................##
.......................
.#................##.####
.........(....................
................................
##.............##...........##.#.
#......#.....)..................
...........................#...#.
...............a@................
##..#...#......#....#).........#.
.................................
##..#..##......#..#.#............
..... #...........#.....#...##
........#..###..........#
##.................##...#
..........##........(..#
.......###.....##...##


You could see a worker ant.

Vanquished Creatures
  A centaur skeleton (D:4)
  2 adders
  An ooze (D:1)
  5 worms
  3 dart slugs
  A leopard gecko (D:1)
  3 orcs
  5 bats
  8 giant cockroaches
  6 goblins
  3 hobgoblins
  6 jackals
  3 quokkas
  4 frilled lizards
  7 kobolds
  7 rats
65 creatures vanquished.

Notes
Turn   | Place    | Note
-------+----------+-------------------------------------------
     0 | D:1      | PentaManta the Hill Orc Monk began the quest for the Orb.
     0 | D:1      | Reached XP level 1. HP: 19/19 MP: 1/1
   104 | D:1      | Reached XP level 2. HP: 26/27 MP: 2/2
   219 | D:1      | Reached skill level 1 in Armour
   440 | D:1      | Reached XP level 3. HP: 33/33 MP: 3/3
  1374 | D:2      | Reached XP level 4. HP: 32/40 MP: 4/4
  2211 | D:3      | Reached skill level 5 in Axes
  2685 | D:4      | Reached XP level 5. HP: 18/47 MP: 5/5
  2834 | D:4      | HP: 2/47 [poisoned by a worker ant]
  2836 | D:4      | Succumbed to a worker ant's poison

Levels and vault maps discovered:
D:1:      dpeg_arrival_stonehenge_8_columns, layout_loops_ring, minivault_27
D:2:      layout_basic
D:3:      layout_basic, minmay_pentomino_pile
D:4:      minmay_chambers_of_twos, layout_basic, first_ration, serial_shops,
          shop, uniq_menkaure

Skill      XL: |  1  2  3  4 |
---------------+-------------+-----
Armour         | 1 2 |  2.4
Fighting       | 4 |  4.5
Axes           | 5 |  5.4
Dodging        | 3 |  3.0
Stealth        | |  1.5

Action                   |  1- 3 |  4- 6 || total
-------------------------+-------+-------++-------
Melee: Hand axe          |   121 |   119 ||   240
  Use: Scroll            |     1 |       ||     1
       Potion            |       |     2 ||     2
 Stab: Sleeping          |     5 |     1 ||     6
  Eat: Chunk             |     1 |     5 ||     6
Armor: Robe              |    16 |     7 ||    23
Dodge: Dodged            |    88 |    55 ||   143
